 Dungeon Crawl Stone Soup version 0.14-a0-1474-g1105da3 (webtiles) character file.

30 Aargh the Charmwright (level 1, -1/14 HPs)
             Began as a High Elf Skald on Dec 14, 2013.
             Slain by a rat (2 damage)
             ... on Level 1 of the Dungeon.
             The game lasted 00:02:14 (441 turns).

Aargh the Charmwright (High Elf Skald)               Turns: 441, Time: 00:02:15

HP  -1/14        AC  3     Str 11      XL: 1   Next: 75%
MP   4/4         EV 10     Int 15      God:
Gold 24          SH  0     Dex 14      Spells:  1 memorised,  4 levels left

rFire  . . .     SeeInvis .     a - +0 elf falchion
rCold  . . .     Clarity  .     b - +0 elf leather armour
rNeg   . . .     Conserve .     (no shield)
rPois  .         rCorr    .     (no helmet)
rElec  .         rRot     .     (no cloak)
SustAb . .       Spirit   .     (no gloves)
rMut   .         Warding  .     (no boots)
Saprov . . .     Stasis   .     (no amulet)
                                (no ring)
                                (no ring)

@: not resistant to hostile enchantments, unstealthy
A: no striking features
a: no special abilities


You were on level 1 of the Dungeon.
You were not hungry.

You visited 1 branch of the dungeon, and saw 1 of its levels.

You collected 24 gold pieces.

Inventory:

Hand weapons
 a - a +0,+0 elven falchion (weapon)
Missiles
 g - 23 bolts
 j - 10 poisoned needles
 k - 6 sling bullets
 n - 21 stones (quivered)
Armour
 b - a +0 elven leather armour (worn)
 l - a +1 leather armour of magic resistance
 p - a +0 plate armour
Comestibles
 d - a bread ration
 m - a rotting chunk of rat flesh {@w1}
Scrolls
 h - a scroll of remove curse {unknown}
 o - a scroll of enchant weapon I {unknown}
Jewellery
 e - a cursed ring of teleportation {unknown}
Potions
 i - a potion of degeneration {unknown}
 q - a potion of curing {unknown}
Books
 c - a book of Battle

   Spells                             Type                      Level
   *Infusion                          Charms                       1
   Shroud of Golubria                 Charms/Translocation         2
   Song of Slaying                    Charms                       2
   Spectral Weapon                    Hexes/Charms                 3
   Regeneration                       Charms/Necromancy            3


   Skills:
 + Level 2.1 Fighting
 + Level 2.7 Long Blades
 + Level 0.8 Armour
 + Level 1.1 Dodging
 + Level 2.5 Spellcasting
 + Level 3.8 Charms


You had 4 spell levels left.
You knew the following spells:

 Your Spells              Type           Power        Failure   Level  Hunger
a - Infusion              Chrm           ##....       6%          1    #......


Dungeon Overview and Level Annotations

Branches:
Dungeon (1/16)

Altars:


Message History

q - an orange potion Some of the chunks of flesh in your inventory have completely rotted away.
You open the door.
A rat comes into view.
Found two items.
A hobgoblin comes into view.
The hobgoblin shouts!
There is an open door here.
You hit the hobgoblin.
The hobgoblin is heavily wounded.
The hobgoblin hits you.
You closely miss the hobgoblin.
The hobgoblin is heavily wounded.
The hobgoblin hits you.
You hit the hobgoblin.
The hobgoblin is severely wounded.
The hobgoblin hits you.
* * * LOW HITPOINT WARNING * * *
The rat barely misses you.
You barely miss the rat. The rat bites you but does no damage.
You barely miss the rat. The rat closely misses you.
You closely miss the rat. The rat bites you.
* * * LOW HITPOINT WARNING * * *
You closely miss the rat. The rat barely misses you.
A bat comes into view.
You barely miss the rat. The rat barely misses you.
You closely miss the rat. The rat closely misses you.
The rat bites you but does no damage.
You completely miss the rat. The rat bites you.
* * * LOW HITPOINT WARNING * * *
You closely miss the rat. The rat barely misses you.
You closely miss the rat. The rat barely misses you.
You closely miss the rat. The bat hits you.
* * * LOW HITPOINT WARNING * * *
The rat bites you.
* * * LOW HITPOINT WARNING * * *
You hit the rat but do no damage. The bat hits you.
* * * LOW HITPOINT WARNING * * *
The bat closely misses you. The rat bites you.
You die...

....[...# .........#
..........#
..........#
..........#
#..........#
########'##
#...#...rg#
#...#..b@.#
#...#.....##########
#...#...)..........#
#...####.#.........#
#...####.#.........#
#..................#
##..........########
## #..........#
#....# #.
#..........# #....#
#.


You could see a hobgoblin, a bat and a rat.

Vanquished Creatures
  A giant gecko (D:1)
  2 hobgoblins (D:1)
  2 rats (D:1)
5 creatures vanquished.

Notes
Turn   | Place    | Note
--------------------------------------------------------------
     0 | D:1      | Aargh, the High Elf Skald, began the quest for the Orb.
     0 | D:1      | Reached XP level 1. HP: 14/14 MP: 4/4
   441 | D:1      | HP: 1/14 [bat (1)]
   441 | D:1      | Slain by a rat

Action                   || total
-------------------------++-------
Melee: Falchion          ||    30
 Cast: Infusion          ||     1

Table legend:
 A = Turns spent in this place as a percentage of turns spent in the entire game.
 B = Non-inter-level travel turns spent in this place as a percentage of non-inter-level travel turns spent in the entire game.
 C = Inter-level travel turns spent in this place as a percentage of turns spent in this place.
 D = Turns resting spent in this place as a percentage of non-inter-level travel turns spent in this place.
 E = Turns spent auto-exploring this place as a percentage of non-inter-level travel turns spent in this place.
 F = Non-inter-level travel turns spent in this place divided by the number of levels of this place that you've seen.
                   A       B       C       D       E      F
               +-------+-------+-------+-------+-------+----------------------
         Total | 100.0 | 100.0 |   0.0 |   4.6 |   0.5 | 197.0
       Dungeon | 100.0 | 100.0 |   0.0 |   4.6 |   0.5 | 197.0
               +-------+-------+-------+-------+-------+----------------------

Table legend:
 A = Kills in this place as a percentage of kills in entire the game.
 B = Kills by you in this place as a percentage of kills by you in the entire game.
 C = Kills by friends in this place as a percentage of kills by friends in the entire game.
 D = Other kills in this place as a percentage of other kills in the entire game.
 E = Experience gained in this place as a percentage of experience gained in the entire game.
 F = Experience gained in this place divided by the number of levels of this place that you have seen.
                   A       B       C       D       E      F
               +-------+-------+-------+-------+-------+----------------------
         Total | 100.0 | 100.0 |  -nan |  -nan | 100.0 |   9.0
       Dungeon | 100.0 | 100.0 |  -nan |  -nan | 100.0 |   9.0
               +-------+-------+-------+-------+-------+----------------------

Vault maps used:
D:1:      entry_aquarium_b, grunt_decor_cap, st_stairs_14

Action                   || total
-------------------------++-------
Melee: Falchion          ||    30
 Cast: Infusion          ||     1
Dungeon Crawl Stone Soup version 0.14-a0-1474-g1105da3 (webtiles) character file. 30 Aargh the Charmwright (level 1, -1/14 HPs) Began as a High Elf Skald on Dec 14, 2013. Slain by a rat (2 damage) ... on Level 1 of the Dungeon. The game lasted 00:02:14 (441 turns). Aargh the Charmwright (High Elf Skald) Turns: 441, Time: 00:02:15 HP -1/14 AC 3 Str 11 XL: 1 Next: 75% MP 4/4 EV 10 Int 15 God: Gold 24 SH 0 Dex 14 Spells: 1 memorised, 4 levels left rFire . . . SeeInvis . a - +0 elf falchion rCold . . . Clarity . b - +0 elf leather armour rNeg . . . Conserve . (no shield) rPois . rCorr . (no helmet) rElec . rRot . (no cloak) SustAb . . Spirit . (no gloves) rMut . Warding . (no boots) Saprov . . . Stasis . (no amulet) (no ring) (no ring) @: not resistant to hostile enchantments, unstealthy A: no striking features a: no special abilities You were on level 1 of the Dungeon. You were not hungry. You visited 1 branch of the dungeon, and saw 1 of its levels. You collected 24 gold pieces. Dungeon Overview and Level Annotations Branches: Dungeon (1/16) Altars: Skills: + Level 2.1 Fighting + Level 2.7 Long Blades + Level 0.8 Armour + Level 1.1 Dodging + Level 2.5 Spellcasting + Level 3.8 Charms You had 4 spell levels left. You knew the following spells: Your Spells Type Power Failure Level Hunger a - Infusion Chrm ##.... 6% 1 #...... Inventory: Hand weapons a - a +0,+0 elven falchion (weapon) Missiles g - 23 bolts j - 10 poisoned needles k - 6 sling bullets n - 21 stones (quivered) Armour b - a +0 elven leather armour (worn) l - a +1 leather armour of magic resistance p - a +0 plate armour Comestibles d - a bread ration m - a rotting chunk of rat flesh {@w1} Scrolls h - a scroll of remove curse {unknown} o - a scroll of enchant weapon I {unknown} Jewellery e - a cursed ring of teleportation {unknown} Potions i - a potion of degeneration {unknown} q - a potion of curing {unknown} Books c - a book of Battle Spells Type Level *Infusion Charms 1 Shroud of Golubria Charms/Translocation 2 Song of Slaying Charms 2 Spectral Weapon Hexes/Charms 3 Regeneration Charms/Necromancy 3 Message History q - an orange potion Some of the chunks of flesh in your inventory have completely rotted away. You open the door. A rat comes into view. Found two items. A hobgoblin comes into view. The hobgoblin shouts! There is an open door here. You hit the hobgoblin. The hobgoblin is heavily wounded. The hobgoblin hits you. You closely miss the hobgoblin. The hobgoblin is heavily wounded. The hobgoblin hits you. You hit the hobgoblin. The hobgoblin is severely wounded. The hobgoblin hits you. * * * LOW HITPOINT WARNING * * * The rat barely misses you. You barely miss the rat. The rat bites you but does no damage. You barely miss the rat. The rat closely misses you. You closely miss the rat. The rat bites you. * * * LOW HITPOINT WARNING * * * You closely miss the rat. The rat barely misses you. A bat comes into view. You barely miss the rat. The rat barely misses you. You closely miss the rat. The rat closely misses you. The rat bites you but does no damage. You completely miss the rat. The rat bites you. * * * LOW HITPOINT WARNING * * * You closely miss the rat. The rat barely misses you. You closely miss the rat. The rat barely misses you. You closely miss the rat. The bat hits you. * * * LOW HITPOINT WARNING * * * The rat bites you. * * * LOW HITPOINT WARNING * * * You hit the rat but do no damage. The bat hits you. * * * LOW HITPOINT WARNING * * * The bat closely misses you. The rat bites you. You die... ....[...# .........# ..........# ..........# ..........# #..........# ########'## #...#...rg# #...#..b@.# #...#.....########## #...#...)..........# #...####.#.........# #...####.#.........# #..................# ##..........######## ## #..........# #....# #. #..........# #....# #. You could see a hobgoblin, a bat and a rat.

Vanquished Creatures
  A giant gecko (D:1)
  2 hobgoblins (D:1)
  2 rats (D:1)
5 creatures vanquished. Notes Turn | Place | Note -------------------------------------------------------------- 0 | D:1 | Aargh, the High Elf Skald, began the quest for the Orb. 0 | D:1 | Reached XP level 1. HP: 14/14 MP: 4/4 441 | D:1 | HP: 1/14 [bat (1)] 441 | D:1 | Slain by a rat
